 Dungeon Crawl Stone Soup version 0.21.1-1-g345015f (webtiles) character file.

84 kae the Insei (level 4, 0/29 HPs)
             Began as an Octopode Transmuter on May 26, 2018.
             Succumbed to a scorpion's poison
             ... on level 2 of the Dungeon.
             The game lasted 00:00:47 (980 turns).

kae the Insei (Octopode Transmuter)                  Turns: 980, Time: 00:00:48

Health: 0/29       AC:  6    Str: 14    XL:     4   Next: 46%
Magic:  7/7        EV: 14    Int: 15    God:
Gold:   100        SH:  0    Dex: 13    Spells: 6/7 levels left

rFire    + . .     SeeInvis .     - Unarmed
rCold    x . .     Gourm    .   (no shield)
rNeg     . . .     Faith    .   (helmet restricted)
rPois    .         Spirit   .   (no amulet)
rElec    .         Reflect  .   e - +4 ring of protection (curse)
rCorr    .         Harm     .   i - ring of fire
MR       .....                  k - +1 ring of protection
Stlth    ++........             (no ring)
HPRegen  0.09/turn              (no ring)
MPRegen  0.10/turn              (no ring)
                                (no ring)
                                (no ring)

@: mighty, lethally poisoned (0 -> -3), flying
A: almost no armour, stealthy swim, amphibious, 8 rings, constrict 8, camouflage
1, gelatinous body 1
a: no special abilities


You were on level 2 of the Dungeon.
You were not hungry.

You visited 1 branch of the dungeon, and saw 2 of its levels.

You collected 100 gold pieces.

Inventory:

Missiles
 a - 12 arrows
Jewellery
 e - a cursed +4 ring of protection (left tentacle)
 i - a ring of fire (right tentacle)
 k - a +1 ring of protection (on tentacle)
Scrolls
 d - 2 scrolls of remove curse {unknown}
 h - a scroll of magic mapping {unknown}
 j - 2 scrolls of identify {unknown}
Potions
 f - 2 potions of might
Books
 b - a book of Changes

   Spells                             Type                      Level
   a - Beastly Appendage              Transmutation                1
   b - Sticks to Snakes               Transmutation                2
   c - Spider Form                    Transmutation/Poison         3
   d - Ice Form                       Ice/Transmutation            4
   e - Blade Hands                    Transmutation                5
Comestibles
 c - 3 rations


   Skills:
 + Level 1.7 Fighting
 + Level 2.5 Dodging
 * Level 3.6 Unarmed Combat
 + Level 2.3 Spellcasting
 * Level 2.9 Transmutations


You had 6 spell levels left.
You knew the following spells:

 Your Spells              Type           Power        Failure   Level  Hunger
a - Beastly Appendage     Tmut           ##....       6%          1    #......


Dungeon Overview and Level Annotations

Branches:
Dungeon (2/15)

Altars:


Innate Abilities, Weirdness & Mutations

You cannot wear most types of armour.
You are very stealthy in the water. (Stealth+)
You are amphibious.
You can wear up to eight rings at the same time.
You can use your tentacles to constrict eight enemies at once.
Your skin changes colour to match your surroundings (Stealth+).
Your rubbery body absorbs attacks. (AC +1, EV +1)


Message History

* * * LOW HITPOINT WARNING * * *
You feel sick.
It was a potion of flight.
You feel very buoyant.
You fly up into the air.
* * * LOW HITPOINT WARNING * * *
You feel sick.
* * * LOW HITPOINT WARNING * * *
You feel sick.
* * * LOW HITPOINT WARNING * * *
You feel sick.
* * * LOW HITPOINT WARNING * * *
You feel sick.
* * * LOW HITPOINT WARNING * * *
You feel sick.
* * * LOW HITPOINT WARNING * * *
You feel sick.
* * * LOW HITPOINT WARNING * * *
You feel sick.
You die...

#.# #.# #.# #.#
##### #.# #...# #.#
#...# #.# #...# #@#
#...# ######.#
#...####......#
####......#.######.
...................
#...)......######..
#.####.....# #.#
#.....# ..#
#.......


There were no monsters in sight!

Vanquished Creatures
  A scorpion (D:2)
  2 leopard geckos (D:1)
  3 giant cockroaches (D:1)
  5 goblins
  7 hobgoblins
  2 kobolds
  3 bats
  A frilled lizard (D:1)
  7 rats
31 creatures vanquished.

Notes
Turn   | Place    | Note
-------+----------+-------------------------------------------
     0 | D:1      | kae the Octopode Transmuter began the quest for the Orb.
     0 | D:1      | Reached XP level 1. HP: 13/13 MP: 3/3
   414 | D:1      | Reached XP level 2. HP: 18/18 MP: 5/5
   773 | D:1      | Reached XP level 3. HP: 23/23 MP: 6/6
   950 | D:2      | Noticed a scorpion
   960 | D:2      | Killed a scorpion
   960 | D:2      | Reached XP level 4. HP: 15/29 MP: 7/7
   977 | D:2      | HP: 1/29 [poisoned by a scorpion]
   980 | D:2      | Succumbed to a scorpion's poison

Action                   |  1- 3 |  4- 6 || total
-------------------------+-------+-------++-------
Melee: Unarmed           |    74 |     2 ||    76
       Constrict         |    23 |     1 ||    24
       Tentacles         |    11 |     1 ||    12
       Kick              |     2 |       ||     2
 Cast: Beastly Appendage |     2 |       ||     2
  Use: Potion            |       |     2 ||     2
 Stab: Sleeping          |     6 |       ||     6
Armor: Skin              |    17 |     1 ||    18
Dodge: Dodged            |    41 |     1 ||    42
